 Dungeon Crawl Stone Soup version 0.25-a0-426-g7d9e569eea (webtiles) character file.

Game seed: 2846551467987964872, levelgen mode: deterministic

62325 Lugonue the Blocker (level 14, -16/123 HPs)
             Began as a Troll Fighter on Jan 24, 2020.
             Was the Champion of Hepliaklqana.
             Killed from afar by Nikola (27 damage)
             ... with a chain lightning
             ... on level 1 of the Snake Pit.
             The game lasted 00:57:57 (15261 turns).

Lugonue the Blocker (Troll Fighter)                Turns: 15261, Time: 00:57:58

Health: -16/123    AC: 13    Str: 27    XL:     14   Next: 63%
Magic:  16/16      EV: 25    Int:  7    God:    Hepliaklqana [******]
Gold:   515        SH: 31    Dex: 21    Spells: 13/13 levels left

rFire    . . .     SeeInvis .     - Unarmed
rCold    . . .     Gourm    +   w - +10 large shield of Ignorance {rN+ Int-4}
rNeg     + . .     Faith    .   z - +2 troll leather armour
rPois    .         Spirit   .   (helmet restricted)
rElec    .         Reflect  .   c - +2 cloak
rCorr    .         Harm     .   (gloves unavailable)
MR       +....     Rnd*Rage +   (boots unavailable)
Stlth    +++.......             (no amulet)
HPRegen  1.10/turn              e - +3 ring of dexterity
MPRegen  0.15/turn              f - +2 ring of intelligence

@: brilliant, agile, hasted, studying 2 skills, very quick
A: large, unfitting armour, reduced essence, claws 3, berserk 1, blurry vision
1, fast metabolism 3, gourmand, regeneration 1, robust 1, shaggy fur 1, tough
skin 3
a: Recall Ancestor, Ancestor Identity, Transference, Idealise, Renounce Religion


You were on level 1 of the Snake Pit.
You worshipped Hepliaklqana.
Hepliaklqana was exalted by your worship.
You were not hungry.

You visited 5 branches of the dungeon, and saw 20 of its levels.

You collected 1706 gold pieces.
You spent 1191 gold pieces at shops.

Inventory:

Missiles
 E - a throwing net (quivered)
Armour
 b - a +1 shield
 c - a +2 cloak (worn)
 w - the +10 large shield of Ignorance (worn) {rN+ Int-4}
   (You bought it in a shop on level 2 of the Orcish Mines)

   It affects your intelligence (-4).
   It protects you from negative energy.
 z - a +2 troll leather armour (worn)
Jewellery
 e - a +3 ring of dexterity (left claw)
 f - a +2 ring of intelligence (right claw)
 o - an uncursed amulet of guardian spirit
 y - an uncursed ring of fire
 A - an uncursed ring of protection from cold
 M - an uncursed ring of wizardry
Wands
 g - a wand of paralysis (5)
 r - a wand of flame (38)
 D - a wand of iceblast (9)
 F - a wand of random effects (29)
 G - a wand of disintegration (22)
 K - a wand of polymorph (11)
Scrolls
 a - a scroll of vulnerability {unknown}
 l - 5 scrolls of magic mapping
 m - 2 scrolls of fog
 n - a scroll of identify
 s - a scroll of teleportation
 t - 4 scrolls of amnesia
 u - a scroll of fear
 v - 3 scrolls of remove curse
 B - 3 scrolls of blinking
 L - 3 scrolls of immolation
Potions
 i - 3 potions of brilliance
 k - a potion of agility
 p - 2 potions of invisibility
 q - 2 potions of flight
 I - 5 potions of curing
Books
 h - a manual of Earth Magic
 x - a manual of Invocations
Comestibles
 d - 25 rations


   Skills:
 - Level 4.0 Fighting
 - Level 13.0 Dodging
 + Level 14.5 Shields
 - Level 10.8 Unarmed Combat
 * Level 4.9 Invocations


You had 13 spell levels left.
You didn't know any spells.
Your spell library contained the following spells:

 Spells                   Type           Power        Failure   Level  Hunger
 Shock                    Conj/Air       #...         7%          1    ##.....
 Poisonous Vapours        Pois/Air       #.....       10%         2    ###....
 Swiftness                Chrm/Air       #.......     10%         2    ###....
 Conjure Flame            Conj/Fire      #.......     17%         3    ####...
 Mephitic Cloud           Conj/Pois/Air  #.......     17%         3    ####...
 Static Discharge         Conj/Air       #.......     17%         3    ####...
 Airstrike                Air            #.........   45%         4    #####..
 Summon Lightning Spire   Summ/Air       #.......     45%         4    #####..
 Lightning Bolt           Conj/Air       #.........   77%         5    ######.
 Silence                  Hex/Air        #.........   77%         5    ######.
 Conjure Ball Lightning   Conj/Air       #.........   99%         6    #######
 Deflect Missiles         Chrm/Air       #.........   99%         6    #######
 Freezing Cloud           Conj/Ice/Air   #.........   99%         6    #######
 Ring of Flames           Chrm/Fire      #.........   100%        7    #######
 Tornado                  Air            #.........   100%        9    #######


Dungeon Overview and Level Annotations

Branches:
Dungeon (10/15)            Temple (1/1) D:7            Lair (6/6) D:9
 Shoals (0/4) Lair:4        Snake (1/4) Lair:2        Slime (0/5) Lair:6
    Orc (2/2) D:10            Elf (0/3) Orc:2

Altars:
Cheibriados
Elyvilon
Fedhas
Gozag
Hepliaklqana
Makhleb
Nemelex Xobeh
Ru
Sif Muna
Uskayaw
Vehumet
Wu Jian
Yredelemnul
The Shining One
Beogh

Shops:
D:7 [   D:10 [   Orc:2 :([([

Annotations:
D:3 3 runed translucent doors, DEFE's ghost, amateur DsFi
Lair:3 exclusion: oklob plant
Snake:1 exclusion: 2 oklob plants, Nikola


Innate Abilities, Weirdness & Mutations

You are too large for most types of armour.
You have claws for hands.
Your metabolism is lightning-fast.
You like to eat raw meat.
Your natural rate of healing is unusually fast.
You are covered in fur. (AC +1)
You have extremely tough skin. (AC +3)
Your life essence is reduced to manifest your ancestor. (-10% HP)
You tend to lose your temper in combat.
Scrolls take you a little longer to read.
You are robust. (+10% HP)


Message History

Unknown command.
Okay, then.
Unknown command.
Press: ? - help, v - describe, . - travel
Here: Nikola, wielding a +3 rapier of electrocution, wearing a +0 cloak and wearing a +0 pair of gloves (lightly wounded)
The floor, spattered with blood.
You scratch Nikola but do no damage.
Nikola is lightly wounded.
Okay, then.
Unknown command.
Nikola points at you and mumbles some strange words.
The zap misses you.
Really read with blurry vision while enemies are nearby?
You begin reading the scroll.
You continue reading the scroll.
Nikola gestures wildly while chanting.
You hear a mighty clap of thunder!
The lightning arc hits you!!
* * * LOW HITPOINT WARNING * * *
The lightning arc hits Nikola.
The lightning arc hits you!!
You die...

#.#..###.#..).
#........#....
#....#...###..
.....##.....#..
########.###......#..
##......###........###
###.....................
...........###..........
.......@.....#..........
##.........####.........
#.....@.### ####......
#......## ###.. #......#
..#### #.......# ##..
#.# #.......# #..###.#
#######.##.######..#...#
.........#......#...#


You could see Nikola.

Vanquished Creatures
  A hydra (Lair:3)
  2 catoblepae
  2 naga warriors (Snake:1)
  Erica (Lair:1)
  3 anacondas (Snake:1)
  3 two-headed ogres
  The ghost of MisterFreud the Fighter, a novice FoAK of Lugonu (D:9)
  5 orc high priests (Orc:2)
  Sonja (D:10)
  A shock serpent (Snake:1)
  A naga sharpshooter (Snake:1)
  2 naga ritualists (Snake:1)
  Pikel (D:5)
  A lindwurm (Lair:4)
  An orc sorcerer (Orc:1)
  5 mana vipers (Snake:1)
  2 salamanders (Snake:1)
  8 elephants (Lair:6)
  Joseph (D:7)
  8 black mambas
  2 torpor snails
  4 spiny frogs
  2 naga magi (Snake:1)
  5 komodo dragons
  5 rime drakes
  5 trolls
  2 polar bears (Lair:6)
  4 hornets
  10 blink frogs
  3 dream sheep (Lair:6)
  4 hippogriffs
  9 spriggans (Lair:6)
  Eustachio (D:6)
  A wyvern (Lair:4)
  3 hogs (D:7)
  36 yaks
  A human (D:7)
  A basilisk (Lair:6)
  A steam dragon (D:9)
  A neqoxec (D:9)
  4 vampire mosquitoes (D:10)
  A hungry ghost (D:5)
  8 wargs
  2 nagas (Snake:1)
  13 water moccasins
  5 porcupines
  8 orc warriors
  4 slaves (D:5)
  2 black bears (Lair:6)
  2 phantoms
  A sky beast (D:6)
  A necrophage (D:6)
  23 wolves
  9 ogres
  4 boggarts (Lair:6)
  6 centaurs
  2 big kobolds
  6 crocodiles
  7 bullfrogs
  A water moccasin zombie (D:9)
  6 scorpions
  3 killer bees (D:7)
  3 wights (D:8)
  3 howler monkeys
  7 crimson imps
  2 quasits
  A centaur zombie (D:9)
  5 hounds
  2 jellies (D:9)
  Crazy Yiuf (D:4)
  17 orc wizards
  35 orc priests
  A centaur skeleton (D:5)
  2 bullfrog skeletons (D:8)
  7 worker ants
  An iguana (D:6)
  2 killer bee zombies
  4 hound zombies
  A hound skeleton (D:6)
  A worker ant zombie (D:7)
  7 gnolls (D:9)
  23 adders
  2 shadow imps
  An ooze (D:2)
  2 worms
  3 dart slugs
  5 leopard geckos
  67 orcs
  7 bats
  3 giant cockroaches
  3 goblins
  4 hobgoblins
  4 jackals
  6 quokkas
  2 frilled lizards
  14 kobolds
  A leopard gecko skeleton (D:3)
  A leopard gecko zombie (D:5)
  A quokka zombie (D:3)
  3 rats (D:1)
  3 fungi
525 creatures vanquished.

Vanquished Creatures (collateral kills)
  A naga warrior (Snake:1)
  An orc high priest (Orc:2)
  A salamander (Snake:1)
  An elephant (Lair:6)
  A black mamba (Lair:2)
  A merfolk siren (Lair:4)
  3 spiny frogs
  A hornet (Lair:6)
  A polar bear (Lair:6)
  3 blink frogs
  5 hippogriffs
  A spriggan (Lair:6)
  4 yaks
  A basilisk (Lair:2)
  A warg (Orc:2)
  A naga (Snake:1)
  A porcupine (Lair:5)
  2 water moccasins
  A swamp drake (D:10)
  4 orc warriors
  An ogre (Orc:2)
  3 wolves
  A crocodile (Lair:6)
  3 bullfrogs
  A howler monkey (D:9)
  2 quasits (D:9)
  A gnoll shaman (D:9)
  4 orc priests (Orc:2)
  A centaur skeleton (D:9)
  3 orc wizards
  A gnoll (D:9)
  A shadow imp (D:10)
  7 orcs
64 creatures vanquished.

Vanquished Creatures (others)
  3 ancestors
  14 hexers
  2 jackals (D:10)
  A bush (Lair:6)
  19 fungi
  6 plants
  5 toadstools (D:2)
50 creatures vanquished.

Grand Total: 639 creatures vanquished

Notes
Turn   | Place    | Note
-------+----------+-------------------------------------------
     0 | D:1      | Lugonue the Troll Fighter began the quest for the Orb.
     0 | D:1      | Reached XP level 1. HP: 22/22 MP: 0/0
   182 | D:1      | Reached XP level 2. HP: 28/29 MP: 1/1
   639 | D:2      | Reached XP level 3. HP: 36/36 MP: 2/2
   853 | D:3      | Reached XP level 4. HP: 44/44 MP: 3/3
   944 | D:3      | Reached skill level 3 in Shields
   959 | D:3      | Found a snail-covered altar of Cheibriados.
  1022 | D:3      | Reached XP level 5. HP: 31/50 MP: 4/4
  1085 | D:3      | Found a runed translucent gate.
  1085 | D:3      | Found a runed translucent gate.
  1087 | D:3      | Found a runed translucent gate.
  1090 | D:3      | Noticed DEFE's ghost (amateur DsFi)
  1409 | D:4      | Found a runed translucent door.
  1410 | D:4      | Noticed Crazy Yiuf
  1451 | D:4      | Killed Crazy Yiuf
  1554 | D:4      | You fall into a shaft and drop 2 floors!
  1555 | D:6      | Noticed a centaur
  1562 | D:6      | Killed a centaur
  1562 | D:6      | Reached XP level 6. HP: 30/59 MP: 5/5
  1601 | D:5      | Entered Level 5 of the Dungeon
  1642 | D:5      | Noticed a hungry ghost
  1652 | D:5      | Killed a hungry ghost
  1665 | D:5      | Reached skill level 5 in Unarmed Combat
  1665 | D:5      | Reached XP level 7. HP: 67/67 MP: 6/6
  1735 | D:5      | Found the +7 great mace "Firestarter" {inner flame, rF++}
  1795 | D:5      | Reached skill level 4 in Shields
  1877 | D:5      | Noticed Pikel
  1887 | D:5      | Killed Pikel
  1887 | D:5      | Reached XP level 8. HP: 65/75 MP: 7/7
  2151 | D:4      | Found a burning altar of Makhleb.
  2472 | D:4      | Noticed a +0 dagger
  2473 | D:4      | Noticed a +0 hand axe
  2475 | D:4      | Found a hide-covered altar of Uskayaw.
  2715 | D:3      | Reached skill level 5 in Dodging
  2978 | D:6      | Reached skill level 5 in Shields
  2991 | D:6      | Noticed Eustachio
  3008 | D:6      | Killed Eustachio
  3162 | D:6      | Reached XP level 9. HP: 83/83 MP: 8/8
  3484 | D:7      | Noticed Joseph
  3499 | D:7      | Killed Joseph
  3681 | D:7      | Reached skill level 6 in Shields
  3682 | D:7      | HP: 3/83 [hog (7)]
  3881 | D:7      | Reached skill level 10 in Unarmed Combat
  3949 | D:7      | Noticed a two-headed ogre
  3961 | D:7      | Killed a two-headed ogre
  3961 | D:7      | Reached XP level 10. HP: 23/92 MP: 3/9
  4073 | D:7      | Found Perias's Armour Emporium.
  4180 | D:7      | Found a staircase to the Ecumenical Temple.
  4185 | Temple   | Entered the Ecumenical Temple
  4194 | Temple   | Became a worshipper of Hepliaklqana the Forgotten
  4542 | D:7      | Noticed a two-headed ogre
  4562 | D:7      | Killed a two-headed ogre
  4562 | D:7      | Reached skill level 7 in Shields
  4856 | D:8      | Found a radiant altar of Vehumet.
  4925 | D:8      | Noticed a two-headed ogre
  4936 | D:8      | Killed a two-headed ogre
  4936 | D:8      | Reached skill level 8 in Shields
  5673 | D:9      | Reached skill level 9 in Shields
  5737 | D:9      | Paralysed by a hornet for 2 turns
  5817 | D:9      | Found a staircase to the Lair.
  5842 | D:9      | Reached XP level 11. HP: 90/90 MP: 10/10
  6153 | D:9      | Reached * piety under Hepliaklqana
  6325 | D:9      | Found a transporter.
  6334 | D:9      | Noticed MisterFreud's ghost (novice FoAK)
  6375 | D:9      | Found a transporter.
  6576 | D:10     | Entered Level 10 of the Dungeon
  6814 | D:10     | Reached ** piety under Hepliaklqana
  6815 | D:10     | Remembered your ancestor Mira as a hexer
  6903 | D:10     | Found Kuet's Antique Armour Shop.
  6909 | D:10     | Bought an ancient shield for 275 gold pieces
  6919 | D:10     | Identified the cursed -7 shield "Cucwus Pugi" {+Fly Regen+
                  | Int-3 Dex+4} (You bought it in a shop on level 10 of the
                  | Dungeon)
  7061 | D:10     | Noticed Sonja
  7067 | D:10     | Killed Sonja
  7233 | D:10     | Found a staircase to the Orcish Mines.
  7579 | Lair:1   | Entered Level 1 of the Lair of Beasts
  7713 | Lair:1   | Noticed Erica
  7720 | Lair:1   | Killed Erica
  7761 | Lair:1   | Reached skill level 10 in Shields
  7842 | Lair:1   | Reached XP level 12. HP: 86/96 MP: 11/11
  7932 | Lair:1   | Reached skill level 10 in Dodging
  8369 | Lair:2   | Reached *** piety under Hepliaklqana
  8720 | Lair:2   | Found a staircase to the Snake Pit.
  9244 | Snake:1  | Entered Level 1 of the Snake Pit
  9269 | Lair:3   | Noticed an eight-headed hydra
  9471 | Lair:3   | Reached **** piety under Hepliaklqana
  9506 | Lair:3   | Noticed a four-headed hydra
  9515 | Lair:3   | Killed a six-headed hydra
  9515 | Lair:3   | Reached skill level 11 in Shields
  9778 | Lair:3   | Noticed a six-headed hydra
 10004 | Lair:4   | Noticed a catoblepas
 10031 | Lair:4   | Killed a catoblepas
 10213 | Lair:4   | Identified a scroll of acquirement
 10213 | Lair:4   | Identified the ring "Foseocol" {+Fly Int+4 Dex+3} (You
                  | acquired it on level 4 of the Lair of Beasts)
 10356 | Lair:4   | Found a staircase to the Shoals.
 10775 | Lair:5   | Reached XP level 13. HP: 93/102 MP: 9/12
 10793 | Lair:5   | Reached ***** piety under Hepliaklqana
 11490 | Lair:6   | Entered Level 6 of the Lair of Beasts
 11560 | Lair:6   | Reached skill level 12 in Shields
 11838 | Lair:6   | Found a staircase to the Slime Pits.
 12289 | Lair:6   | Gained mutation: You tend to lose your temper in combat.
                  | [potion of mutation]
 12289 | Lair:6   | Gained mutation: Scrolls take you a little longer to read.
                  | [potion of mutation]
 12289 | Lair:6   | Gained mutation: You are robust. (+10% HP) [potion of
                  | mutation]
 12618 | Lair:6   | Reached skill level 13 in Shields
 13043 | Orc:1    | Entered Level 1 of the Orcish Mines
 13404 | Orc:2    | Entered Level 2 of the Orcish Mines
 13792 | Orc:2    | Reached XP level 14. HP: 55/123 MP: 5/13
 13879 | Orc:2    | Found Syotin's Armour Boutique.
 13879 | Orc:2    | Found Gonkeavi's Weapon Shoppe.
 14031 | Orc:2    | Found a roughly hewn altar of Beogh.
 14052 | Orc:2    | Found Goles's Armour Boutique.
 14052 | Orc:2    | Found Cojyll's Antique Weapon Shoppe.
 14064 | Orc:2    | Bought the +10 large shield of Ignorance {rN+ Int-4} for
                  | 916 gold pieces
 14064 | Orc:2    | Found the +10 large shield of Ignorance {rN+ Int-4}
 14088 | Orc:2    | Found a staircase to the Elven Halls.
 14123 | Orc:2    | Found Lotuyz's Book Boutique.
 14475 | D:9      | Killed MisterFreud's ghost
 14655 | Snake:1  | Reached skill level 1 in Invocations
 14689 | Snake:1  | Reached ****** piety under Hepliaklqana
 14806 | Snake:1  | Reached skill level 14 in Shields
 15248 | Snake:1  | Noticed Nikola
 15261 | Snake:1  | Killed from afar by Nikola

Levels and vault maps discovered:
D:1:      minmay_arrival_plants_in_alcoves, layout_basic
D:2:      layout_rooms, minmay_gold_behind_fungi
D:3:      layout_rooms, nicolae_overflow_hidden_temple,
          gammafunk_ghost_necromancy, serial_undead, serial_undead_c,
          serial_undead_d, serial_undead_d, serial_undead_a
D:4:      layout_basic, dancing_weapons_uskayaw, nicolae_overflow_crystal_walls,
          first_ration, uniq_crazy_yiuf_cottage
D:5:      layout_rooms, uniq_pikel
D:6:      layout_loops_ring, uniq_eustachio
D:7:      layout_loops_corners, temple_doors_ab, serial_shops,
          nicolae_shop_crystal, grunt_livestock, uniq_joseph
D:8:      layout_basic, fiery_altar_vehumet
D:9:      layout_irregular_city, erik_lair_orcish_takeover,
          gammafunk_ghost_stat_death
D:10:     layout_irregular_city, erik_orc_1, serial_shops, shop, uniq_sonja
Temple:   eino_narrow_crystal_temple
Lair:1:   layout_gridlike, grunt_megastairs_4, uniq_erica
Lair:2:   layout_chaotic_city, minmay_snake_entry_six_corridors,
          serial_bayou_lagoon_a
Lair:3:   layout_cave_shapes, minivault_26, minmay_lair_oklob_chamber,
          serial_bayou_shore_b
Lair:4:   layout_concentric_octagons, minmay_shoals_entry_lonely_mermaid
Lair:5:   layout_concentric_octagons, minmay_holes, grunt_megastairs_3,
          serial_bayou_shore_a
Lair:6:   minmay_lair_end_enchanted_forest, layout_regular_city, slime_dummy
Snake:1:  dpeg_oklob_gauntlet, layout_honeycomb, uniq_nikola
Orc:1:    layout_caves
Orc:2:    st_orc_town, layout_diamond_mine, serial_shops, shop

Skill      XL: |  1  2  3  4  5  6  7  8  9 10 11 12 13 14 |
---------------+-------------------------------------------+-----
Dodging        | 3 4 5 6 9 11 12 13 | 13.0
Shields        | 3 4 5 6 9 10 11 13 14 | 14.5
Unarmed Combat | 3 4 5 6 8 10 | 10.8
Fighting       | 3 4 |  4.0
Invocations    | 4 |  4.9

Action                   |  1- 3 |  4- 6 |  7- 9 | 10-12 | 13-15 || total
-------------------------+-------+-------+-------+-------+-------++-------
Melee: Unarmed           |    96 |   117 |   273 |   807 |   831 ||  2124
Invok: Ancestor Life: He |       |       |       |     1 |       ||     1
       Recall Ancestor   |       |       |       |     1 |    12 ||    13
       Idealise          |       |       |       |       |     1 ||     1
Evoke: Wand              |       |       |     5 |    16 |     2 ||    23
  Use: Potion            |       |     3 |     1 |     1 |    18 ||    23
       Scroll            |       |       |    10 |     9 |    15 ||    34
 Stab: Sleeping          |       |       |     1 |       |       ||     1
       Distracted        |       |       |     1 |     6 |    11 ||    18
       Paralysed         |       |       |     1 |       |       ||     1
       Confused          |       |       |       |    10 |     6 ||    16
       Invisible         |       |       |       |       |     3 ||     3
  Eat: Chunk             |    10 |     4 |    28 |    51 |    34 ||   127
       Ration            |     1 |     1 |       |     3 |     1 ||     6
Armor: Robe              |    32 |    40 |    45 |    29 |       ||   146
       Skin              |       |    15 |       |       |       ||    15
       Steam dragon scal |       |       |       |    84 |   109 ||   193
       Troll leather arm |       |       |       |       |    38 ||    38
Dodge: Dodged            |    22 |    38 |    55 |   314 |   386 ||   815
Block: Shield            |    46 |    60 |   123 |   415 |   466 ||  1110
       Large shield      |       |       |       |       |   205 ||   205

Table legend:
 A = Non-vault XP
 B = Vault XP
 C = Vault XP percentage of total XP
 D = Non-vault monster count
 E = Vault monster count
 F = Vault count percentage of total count
                 A         B        C        D         E       F
            +---------+---------+-------+---------+---------+-------
      Total |   65136 |   23900 |  26.8 |     417 |     164 |  28.2
            +---------+---------+-------+---------+---------+-------
        D:1 |      24 |       0 |   0.0 |      14 |       0 |   0.0
        D:2 |      32 |       0 |   0.0 |       8 |       0 |   0.0
        D:3 |     169 |      22 |  11.5 |      23 |       2 |   8.0
        D:4 |     221 |      42 |  16.0 |      18 |       1 |   5.3
        D:5 |     864 |     629 |  42.1 |      17 |       1 |   5.6
        D:6 |     993 |     208 |  17.3 |      29 |       1 |   3.3
        D:7 |    3324 |    1460 |  30.5 |      32 |       6 |  15.8
        D:8 |    1553 |     366 |  19.1 |      17 |       3 |  15.0
        D:9 |    3944 |    1372 |  25.8 |      60 |       9 |  13.0
       D:10 |    2968 |    1381 |  31.8 |      23 |      17 |  42.5
     Lair:1 |    3990 |    1284 |  24.3 |      16 |       2 |  11.1
     Lair:2 |    3272 |    1453 |  30.8 |      16 |      16 |  50.0
     Lair:3 |    2526 |       0 |   0.0 |      10 |       0 |   0.0
     Lair:4 |    5941 |     435 |   6.8 |      22 |       1 |   4.3
     Lair:5 |    2324 |     546 |  19.0 |      10 |       2 |  16.7
     Lair:6 |   11968 |    7964 |  40.0 |      38 |      45 |  54.2
    Snake:1 |   17094 |       0 |   0.0 |      29 |       0 |   0.0
      Orc:1 |    1999 |       0 |   0.0 |      16 |       0 |   0.0
      Orc:2 |    1930 |    6738 |  77.7 |      19 |      58 |  75.3
            +---------+---------+-------+---------+---------+-------
